 Seeded DCSS version 0.29.1-1-gd02db6906a (webtiles) character file.

Game seed: 8800239265270809476 (custom seed)

9214 GigaChad the Warrior (level 11, -4/118 HPs)
             Began as a Minotaur Fighter on Sept 27, 2022.
             Was a Priest of Ashenzari.
             Killed from afar by an electric eel (6 damage)
             ... with a bolt of electricity
             ... on level 10 of the Dungeon.
             The game lasted 00:27:51 (10497 turns).

GigaChad the Warrior (Minotaur Fighter)            Turns: 10497, Time: 00:27:52

Health: -4/118     AC: 21    Str: 22    XL:     11   Next: 20%
Magic:  10/10      EV:  9    Int:  5    God:    Ashenzari [***...]
Gold:   425        SH:  5    Dex: 13    Spells: 10/10 levels left

rFire   . . .      SeeInvis +   f - +6 demon blade of Joyful Slaughter {venom, rC+}
rCold   + . .      Faith    .   c - +0 buckler "Shattered Together" {Bglg, Range} (curse)
rNeg    . . .      Spirit   .   F - +0 plate armour of Supernal Wisdom {Evo, Range} (curse)
rPois   .          Reflect  .   (helmet restricted)
rElec   .          Harm     .   C - +0 cloak "Share My Stickiness" {Elem, Evo} (curse)
rCorr   .          Rampage  .   x - +0 pair of gloves "Shattered Together" {Self, Fort} (curse)
Will    .....      Clarity  +   j - +0 pair of boots "Shattered Bitterness" {Fort, Melee} (curse)
Stlth   ..........              Q - amulet of regeneration
HPRegen 1.09/turn               (no ring)
MPRegen 0.12/turn               (no ring)

@: no status effects
A: horns 2, retaliatory headbutt
a: Renounce Religion, Shatter the Chains


You were on level 10 of the Dungeon.
You worshipped Ashenzari.
Ashenzari was most pleased with you.
You visited 2 branches of the dungeon, and saw 11 of its levels.

You collected 425 gold pieces.

Inventory:

Hand Weapons
 a - a +0 long sword
 f - the +6 demon blade of Joyful Slaughter (weapon) {venom, rC+}
   (You acquired it on level 1 of the Dungeon)

   It poisons the flesh of those it strikes.
   rC:        It protects you from cold.
 h - a +1 spectral quarterstaff
 H - a +2 scimitar
 L - a +3 great sword
 M - a +0 battleaxe
 P - a +0 demon blade of venom
 R - a +0 arbalest
Missiles
 i - a throwing net (quivered)
Armour
 b - a +0 scale mail
 c - the cursed +0 buckler "Shattered Together" (worn) {Bglg, Range}

   It has a curse which improves the following skills: Beguiling: Conjurations,
   Hexes and Translocations.
   Ranged Combat: Ranged Weapons and Throwing.
 j - the cursed +0 pair of boots "Shattered Bitterness" (worn) {Fort, Melee}
   (You found it on level 2 of the Dungeon)

   It has a curse which improves the following skills: Fortitude: Armour and
   Shields.
   Melee Combat: Short Blades, Long Blades, Axes, Maces & Flails, Polearms,
   Staves and Unarmed Combat.
 x - the cursed +0 pair of gloves "Shattered Together" (worn) {Self, Fort}
   (You found it on level 4 of the Dungeon)

   It has a curse which improves the following skills: Introspection: Fighting
   and Spellcasting.
   Fortitude: Armour and Shields.
 A - a +0 chain mail
 C - the cursed +0 cloak "Share My Stickiness" (worn) {Elem, Evo}
   (You found it on level 5 of the Dungeon)

   It has a curse which improves the following skills: Elements: Fire Magic, Ice
   Magic, Air Magic and Earth Magic.
   Evocations: Evocations.
 F - the cursed +0 plate armour of Supernal Wisdom (worn) {Evo, Range}
   (You found it on level 8 of the Dungeon)

   It has a curse which improves the following skills: Evocations: Evocations.
   Ranged Combat: Ranged Weapons and Throwing.
Jewellery
 I - the amulet "Qapus" {Faith rCorr}
   (You found it on level 7 of the Dungeon)

   [amulet of faith]

   It allows you to gain divine favour quickly.
   rCorr:     It protects you from acid and corrosion.
 Q - an amulet of regeneration (around neck)
Wands
 w - a wand of paralysis (10)
 D - a wand of flame (44)
Scrolls
 e - 2 scrolls of noise
 m - a scroll of enchant weapon
 o - 2 scrolls of magic mapping
 p - a scroll of silence
 q - 4 scrolls of identify
 s - a scroll of teleportation
 t - 2 scrolls of butterflies
 y - a scroll of vulnerability
 z - 2 scrolls of enchant armour
 B - a scroll of immolation
 J - a scroll of fear
 K - a scroll of amnesia
 N - a scroll of brand weapon
 O - a scroll of poison
Potions
 d - a potion of might
 g - 2 potions of degeneration
 k - 2 potions of invisibility
 l - a potion of mutation
 n - a potion of heal wounds
 r - 4 potions of curing
 u - a potion of berserk rage
 v - a potion of flight
 E - 2 potions of haste
 G - 3 potions of brilliance


   Skills:
 - Level 16.2(17.7) Fighting
 - Level 2.5(3.8) Long Blades
 - Level 12.2(14.6) Armour
 + Level 5.5 Dodging
 - Level 3.8(6.0) Shields


You had 10 spell levels left.
You didn't know any spells.
Your spell library contained the following spells:

 Spells                   Type           Power      Damage    Failure   Level
 Freeze                   Ice            0%         1d3       99%         1
 Sublimation of Blood     Necr           0%         N/A       100%        2
 Frozen Ramparts          Ice            0%         1d1       100%        3
 Inner Flame              Hex/Fire       0%         N/A       100%        3
 Portal Projectile        Hex/Tloc       0%         N/A       100%        3
 Summon Guardian Golem    Hex/Summ       0%         N/A       100%        3
 Anguish                  Hex/Necr       0%         N/A       100%        4
 Cause Fear               Hex            0%         N/A       100%        4
 Hailstorm                Conj/Ice       0%         3d3       100%        4
 Petrify                  Tmut/Erth      0%         N/A       100%        4
 Irradiate                Conj/Tmut      0%         3d11      100%        5
 Enfeeble                 Hex            0%         N/A       100%        7
 Discord                  Hex            0%         N/A       100%        8


Dungeon Overview and Level Annotations

Branches:
Dungeon (10/15)            Temple (1/1) D:4            Lair (0/5) D:10
    Orc (0/2) D:10

Altars:
Ashenzari
Dithmenos
Qazlal
Ru
Trog
The Shining One

Shops:
D:9 !

Annotations:
D:9 Amaemon


Innate Abilities, Weirdness & Mutations

You have a pair of horns on your head.
You reflexively headbutt those who attack you in melee.


Message History

You block the yak's attack.
The electric eel shoots out a bolt of lightning at you!
The bolt of electricity hits you!
* * * LOW HITPOINT WARNING * * *
The bolt of electricity hits you.
* * * LOW HITPOINT WARNING * * *
You feel much better.
The electric eel shoots out a bolt of lightning at you!
The bolt of electricity hits you! The yak gores you but does no damage.
You slash the yak!
You kill the yak!
The electric eel shoots out a bolt of lightning at you!
The bolt of electricity hits you.
* * * LOW HITPOINT WARNING * * *
The bolt of electricity hits you!
* * * LOW HITPOINT WARNING * * *
You hit the yak.
The yak is poisoned.
The yak is moderately wounded.
The yak closely misses you. You furiously retaliate!
You headbutt the yak! The yak barely misses you.
The electric eel shoots out a bolt of lightning at you!
The bolt of electricity hits you but does no damage.
You hit the yak.
The yak looks as sick as possible!
The yak is severely wounded.
The electric eel shoots out a bolt of lightning at you!
The bolt of electricity hits you!
* * * LOW HITPOINT WARNING * * *
You block the yak's attack.
You hit the yak.
The yak looks as sick as possible!
You headbutt the yak, but do no damage.
The yak is almost dead.
You kill the yak!
The electric eel shoots out a bolt of lightning at you!
The bolt of electricity hits you!
* * * LOW HITPOINT WARNING * * *
The electric eel shoots out a bolt of lightning at you!
The bolt of electricity hits you!
* * * LOW HITPOINT WARNING * * *
The bolt of electricity hits you.
You die...

, *#..# * #.#######
#......$. , *
#.####### *** #.# ** *
#)# *.. , , #.# .# * ,
#†####### .#
#######@#.....# #.#
#≈........#'#.# #.#
#≈......#.#.#.# #.#
*#≈~~.##.#.#.#.#####>#
##
#≈≈S~.*#...#.#...)...#
#. #≈≈S~
*#..##.##...#..# #.
≈≈≈≈~
#..#...#..##..###.
*≈≈≈~~
*#..#._.#.###......
~≈≈≈≈≈ ##.#...#.#
#.#####


You could see 2 electric eels.

Vanquished Creatures
  Snorg (D:10)
  Pikel (D:6)
  A manticore (D:10)
  Joseph (D:10)
  A yaktaur (D:10)
  Prince Ribbit (D:6)
  A wyvern (D:7)
  21 yaks
  Grum (D:9)
  A warg (D:10)
  A water moccasin (D:8)
  2 orc warriors
  A sky beast (D:6)
  3 wolves (D:9)
  2 centaurs
  2 phantoms
  A lemure (D:6)
  4 bullfrogs
  3 necrophages
  A scorpion (D:5)
  22 wights
  9 killer bees
  A crimson imp (D:4)
  3 orc priests
  A jelly (D:5)
  3 hounds
  3 iguanas
  11 orc wizards
  An adder (D:3)
  A shadow imp (D:8)
  2 white imps
  An ufetubus (D:5)
  2 worms (D:2)
  6 dart slugs
  27 orcs
  5 ball pythons
  7 endoplasms
  2 giant cockroaches
  6 goblins
  7 hobgoblins
  3 jackals
  4 kobolds
  6 quokkas
  3 bats
  6 frilled lizards
  A goblin skeleton (D:4)
  5 hobgoblin zombies (D:4)
  A kobold skeleton (D:4)
  2 kobold zombies (D:4)
  An orc skeleton (D:4)
  An orc zombie (D:4)
  4 rats
207 creatures vanquished.

Vanquished Creatures (others)
  3 plants (D:10)
3 creatures vanquished.

Grand Total: 210 creatures vanquished

Notes
Turn   | Place    | Note
-------+----------+-------------------------------------------
     0 | D:1      | GigaChad the Minotaur Fighter began the quest for the Orb.
     0 | D:1      | Reached XP level 1. HP: 19/19 MP: 0/0
    42 | D:1      | Identified a scroll of acquirement
    42 | D:1      | Acquired the +6 demon blade of Joyful Slaughter {venom,
                  | rC+}
   149 | D:1      | Reached skill level 4 in Fighting
   149 | D:1      | Reached XP level 2. HP: 27/27 MP: 1/1
   559 | D:1      | Reached XP level 3. HP: 35/35 MP: 2/2
   708 | D:2      | Reached skill level 5 in Fighting
  1314 | D:3      | Reached XP level 4. HP: 39/44 MP: 3/3
  2143 | D:4      | Found a staircase to the Ecumenical Temple.
  2178 | Temple   | Entered the Ecumenical Temple
  2210 | Temple   | Became a worshipper of Ashenzari the Shackled
  2464 | D:4      | Found a glowing golden altar of the Shining One.
  2478 | D:4      | Reached XP level 5. HP: 47/50 MP: 4/4
  2554 | D:5      | Entered Level 5 of the Dungeon
  2568 | D:5      | Reached skill level 5 in Armour
  2682 | D:5      | Found a bloodstained altar of Trog.
  2709 | D:5      | Reached XP level 6. HP: 52/57 MP: 5/5
  2895 | D:5      | Reached XP level 7. HP: 60/62 MP: 6/6
  2915 | D:5      | You fall into a shaft and drop 3 floors!
  3055 | D:8      | Reached * piety under Ashenzari
  3284 | D:8      | Reached skill level 10 in Armour
  3506 | D:8      | Reached skill level 6 in Fighting
  3796 | D:8      | Reached XP level 8. HP: 71/71 MP: 7/7
  3860 | D:7      | Found a shadowy altar of Dithmenos.
  3874 | D:7      | Reached skill level 7 in Fighting
  3876 | D:7      | Reached skill level 8 in Fighting
  4396 | D:7      | Reached skill level 9 in Fighting
  4774 | D:7      | Identified the amulet "Qapus" {Faith rCorr}
  4792 | D:7      | Reached skill level 10 in Fighting
  5204 | D:7      | Reached ** piety under Ashenzari
  5337 | D:7      | Reached skill level 11 in Fighting
  5965 | D:7      | Reached XP level 9. HP: 56/82 MP: 8/8
  6289 | D:6      | Noticed Prince Ribbit
  6314 | D:6      | Killed Prince Ribbit
  6315 | D:6      | Reached skill level 1 in Dodging
  6334 | D:6      | Found a stormy altar of Qazlal.
  6474 | D:6      | Reached skill level 12 in Fighting
  6894 | D:6      | Noticed Pikel
  6904 | D:6      | Killed Pikel
  6948 | D:6      | Found a sand-covered staircase.
  7063 | D:6      | Reached skill level 13 in Fighting
  7217 | D:9      | Found the +4 robe of Augmentation {Str+4 Int+4 Dex+4}
  7254 | D:9      | Noticed Grum
  7274 | D:9      | Killed Grum
  7275 | D:9      | Reached XP level 10. HP: 69/104 MP: 9/9
  7663 | D:9      | Reached skill level 14 in Fighting
  8080 | D:9      | Found Giawuxos's Distillery.
  8620 | D:9      | Reached *** piety under Ashenzari
  8681 | D:9      | Noticed an orange demon
  8681 | D:9      | Noticed Amaemon
  8726 | D:10     | Entered Level 10 of the Dungeon
  9571 | D:10     | Noticed a manticore
  9586 | D:10     | Killed a manticore
  9587 | D:10     | Reached skill level 15 in Fighting
  9974 | D:10     | Noticed Snorg
  9984 | D:10     | Killed Snorg
 10255 | D:10     | Found a sacrificial altar of Ru.
 10335 | D:10     | Reached skill level 16 in Fighting
 10343 | D:10     | Reached XP level 11. HP: 117/117 MP: 10/10
 10368 | D:10     | Found a staircase to the Lair.
 10372 | D:10     | Identified the Cyclopedia of Beguiling
 10402 | D:10     | Noticed Joseph
 10412 | D:10     | Killed Joseph
 10437 | D:10     | Found a staircase to the Orcish Mines.
 10490 | D:10     | Reached skill level 5 in Dodging
 10497 | D:10     | HP: 2/118 [electric eel/bolt of electricity (10)]
 10497 | D:10     | Killed from afar by an electric eel

Illustrated notes

Levels and vault maps discovered:
D:1:      minmay_arrival_widening_spiral_wide, layout_rooms,
          serial_bayou_pond_b, minmay_crystal_room, st_stairs_3
D:2:      layout_basic, hex_tiny, minmay_tetromino_o2
D:3:      layout_rooms, hellmonk_ecumenical_altar_inner_sanctum, st_stairs_8,
          grunt_ministairs_6
D:4:      layout_cave_pods, nicolae_tso_besieged_by_evil,
          minmay_temple_entry_arrows
D:5:      layout_rooms, kennysheep_little_box
D:6:      layout_basic, general_overflow_altar, chequers_ossuary_entry_cave,
          minmay_a_box_with_orc_wizards_in_it, uniq_pikel, uniq_prince_ribbit1
D:7:      layout_basic, lemuel_crystal_altar
D:8:      layout_loops_corners
D:9:      layout_basic, serial_shops, shop, uniq_amaemon, uniq_grum
D:10:     statuecave_lemuel, layout_loops_ring,
          mainiacjoe_overflow_surrounded_room, erik_lair_orcish_takeover,
          david_orc_2, serial_rivers, chequers_serial_rivers_room_a,
          chequers_serial_rivers_marsh, chequers_serial_rivers_small_b,
          chequers_serial_rivers_room_a, minivault_20, uniq_snorg, uniq_joseph,
          uniq_psyche
Temple:   bh_familiar_temple

Skill      XL: |  1  2  3  4  5  6  7  8  9 10 11 |
---------------+----------------------------------+-----
Fighting       | 4 5 6 11 13 16 | 16.2
Armour         | 4 6 8 10 12 | 12.2
Dodging        | 3 5 |  5.5
Long Blades    | |  2.5
Shields        | |  3.8

Action                   |  1- 3 |  4- 6 |  7- 9 | 10-12 || total
-------------------------+-------+-------+-------+-------++-------
Melee: Demon blade       |    77 |    64 |   202 |   178 ||   521
       Headbutt          |    13 |    12 |    37 |    43 ||   105
Invok: Curse Item        |       |     1 |     3 |     1 ||     5
Evoke: Wand              |       |       |       |     1 ||     1
  Use: Scroll            |     2 |       |     1 |     3 ||     6
       Potion            |       |       |       |     3 ||     3
Armor: Scale mail        |    45 |    13 |       |       ||    58
       Chain mail        |       |    21 |       |       ||    21
       Plate armour      |       |       |   147 |   130 ||   277
Dodge: Dodged            |    30 |    35 |    90 |    78 ||   233
Block: Buckler           |    16 |    12 |    55 |    50 ||   133
